General information
- name: BNet
- type: Ladder team game (AT/RT)
- host: Battle.net
- saver: KuKuKu
map: Deadlock
- players: 8
- length: 31:29
- speed: Fast
- version: 1.26 W3XP
- replay type: Public
» download(202 KB)
Players
team 1 (loser)

»
The.Big.Naga (
orange | 82 APM | 2305 actions | 28:14)
6 Blademaster
3 Wind Walk
2 Critical Strike
1 Bladestorm
6 Shadow Hunter
3 Hex
2 Healing Wave
1 Big Bad Voodoo
1 Tauren Chieftain
1 Endurance Aura
» actions
| Assign group hotkey | 18 | |
| Basic commands | 2 | |
| Build / train | 97 | |
| Enter build submenu | 22 | |
| Enter hero's abilities submenu | 13 | |
| Give item / drop item | 1 | |
| Remove unit from queue | 4 | |
| Right click | 1335 | |
| Select / deselect | 341 | |
| Select group hotkey | 369 | |
| Use ability | 103 | |
2305 total
» units
» upgrades
| Ranged Weapons | 3 | |
| Envenomed Spears | 1 | |
| Armor | 2 | |
| Reinforced Hides | 1 | |
| Reinforced Defenses | 1 | |
8 total
» buildings
| Altar of Storms | 1 | |
| Orc Burrow | 10 | |
| Voodoo Lounge | 2 | |
| Stronghold | 4 | |
| War Mill | 1 | |
| Beastiary | 2 | |
| Fortress | 1 | |
| Great Hall | 2 | |
| Watch Tower | 1 | |
| Moon Well | 2 | |
| Tree of Ages | 2 | |
28 total
» build order
00:10 Altar of Storms
00:14 Orc Burrow
01:17 Voodoo Lounge
01:23 Orc Burrow
02:34 Stronghold
02:35 Stronghold
02:35 Stronghold
02:35 Stronghold
02:56 War Mill
03:32 Orc Burrow
04:57 Beastiary
05:02 Beastiary
05:05 Fortress
05:20 Orc Burrow
07:08 Voodoo Lounge
07:46 Orc Burrow
11:43 Great Hall
11:46 Watch Tower
11:50 Orc Burrow
13:05 Orc Burrow
13:07 Orc Burrow
13:11 Orc Burrow
13:19 Orc Burrow
23:42 Great Hall
26:10 Moon Well
27:40 Moon Well
27:42 Tree of Ages
» items
| Healing Salve | 2 | |
| Lesser Clarity Potion | 2 | |
| Scroll of Speed | 1 | |
| Potion of Healing | 1 | |
| Orb of Lightning | 2 | |
| Scroll of Town Portal | 1 | |
9 total

»
moanin_mongoose (
red | 23 APM | 685 actions | 30:22)
6 Death Knight
3 Death Coil
2 Unholy Aura
1 Animate Dead
» actions
| Assign group hotkey | 3 | |
| Basic commands | 1 | |
| Build / train | 42 | |
| Enter build submenu | 18 | |
| Enter hero's abilities submenu | 6 | |
| Remove unit from queue | 1 | |
| Right click | 370 | |
| Select / deselect | 193 | |
| Select group hotkey | 6 | |
| Use ability | 45 | |
685 total
» units
| Acolyte | 2 | |
| Ghoul | 7 | |
| Crypt Fiend | 7 | |
| Frost Wyrm | 4 | |
20 total
» upgrades
» buildings
| Altar of Darkness | 1 | |
| Crypt | 1 | |
| Ziggurat | 7 | |
| Tomb of Relics | 1 | |
| Graveyard | 1 | |
| Nerubian Tower | 1 | |
| Halls of the Dead | 1 | |
| Spirit Tower | 1 | |
| Black Citadel | 1 | |
| Sacrificial Pit | 1 | |
| Boneyard | 3 | |
19 total
» build order
00:14 Altar of Darkness
00:20 Crypt
00:35 Ziggurat
00:54 Tomb of Relics
01:19 Graveyard
01:56 Ziggurat
02:19 Ziggurat
02:22 Nerubian Tower
04:21 Halls of the Dead
06:54 Spirit Tower
07:37 Black Citadel
08:00 Ziggurat
08:58 Ziggurat
11:09 Sacrificial Pit
11:45 Ziggurat
12:16 Boneyard
12:37 Boneyard
12:41 Boneyard
16:50 Ziggurat
» items
| Rod of Necromancy | 2 | |
| Scroll of Town Portal | 3 | |
| Potion of Healing | 2 | |
| Scroll of Healing | 1 | |
8 total
losetofindgames (
teal | 54 APM | 1693 actions | 31:28)
6 Paladin
2 Holy Light
3 Devotion Aura
1 Resurrection
6 Demon Hunter
3 Mana Burn
2 Immolation
1 Metamorphosis
1 Blademaster
1 Critical Strike
» actions
| Assign group hotkey | 32 | |
| Basic commands | 1 | |
| Build / train | 86 | |
| Enter build submenu | 32 | |
| Enter hero's abilities submenu | 13 | |
| Remove unit from queue | 6 | |
| Right click | 594 | |
| Select / deselect | 341 | |
| Select group hotkey | 500 | |
| Use ability | 88 | |
1693 total
» units
| Peasant | 19 | |
| Footman | 6 | |
| Wisp | 6 | |
| Dryad | 6 | |
| Knight | 3 | |
| Faerie Dragon | -2 | |
| Hippogryph | 2 | |
| Chimaera | 6 | |
46 total
» upgrades
| Abolish Magic | 1 | |
| Strength of the Wild | 3 | |
| Reinforced Hides | 2 | |
| Lumber Harvesting | 2 | |
| Masonry | 1 | |
| Swords | 2 | |
| Plating | 2 | |
| Animal War Training | 1 | |
14 total
» buildings
| Altar of Kings | 1 | |
| Farm | 11 | |
| Barracks | 2 | |
| Scout Tower | 1 | |
| Lumber Mill | 1 | |
| Arcane Tower | 1 | |
| Keep | 1 | |
| Ancient of Wonders | 1 | |
| Hunter's Hall | 1 | |
| Ancient of Lore | 3 | |
| Tree of Eternity | 1 | |
| Town Hall | 1 | |
| Ancient of Wind | 1 | |
| Moon Well | 11 | |
| Castle | 1 | |
| Blacksmith | 1 | |
| Chimaera Roost | 2 | |
| Tree of Life | 1 | |
42 total
» build order
00:20 Altar of Kings
00:35 Farm
01:03 Barracks
01:07 Farm
01:35 Scout Tower
01:40 Lumber Mill
01:56 Farm
02:07 Farm
02:12 Arcane Tower
02:43 Barracks
04:17 Keep
04:33 Ancient of Wonders
04:35 Hunter's Hall
05:42 Farm
05:42 Farm
05:43 Farm
05:44 Farm
05:57 Ancient of Lore
06:01 Ancient of Lore
06:05 Ancient of Lore
06:07 Tree of Eternity
06:41 Town Hall
08:50 Ancient of Wind
08:55 Moon Well
08:56 Moon Well
09:04 Castle
11:07 Blacksmith
11:11 Farm
11:12 Farm
11:12 Farm
11:47 Chimaera Roost
11:51 Chimaera Roost
13:49 Moon Well
13:49 Moon Well
13:55 Moon Well
13:55 Moon Well
20:12 Moon Well
20:14 Moon Well
25:08 Tree of Life
25:13 Moon Well
25:17 Moon Well
26:13 Moon Well
» items
machx (
blue | 28 APM | 74 actions | 02:38)
1 Demon Hunter
1 Immolation
» actions
| Assign group hotkey | 2 | |
| Basic commands | 2 | |
| Build / train | 13 | |
| Enter build submenu | 4 | |
| Enter hero's abilities submenu | 1 | |
| Right click | 24 | |
| Select / deselect | 16 | |
| Select group hotkey | 7 | |
| Use ability | 5 | |
74 total
» units
» buildings
| Altar of Elders | 1 | |
| Moon Well | 3 | |
| Tree of Ages | 1 | |
5 total
» build order
00:02 Altar of Elders
00:19 Moon Well
01:34 Moon Well
01:37 Moon Well
02:28 Tree of Ages
team 2 (winner)
hfff (
pink | 42 APM | 1329 actions | 31:29)
8 Blademaster
3 Wind Walk
3 Critical Strike
1 Bladestorm
1 Mirror Image
3 Shadow Hunter
2 Healing Wave
1 Hex
» actions
| Build / train | 106 | |
| Enter build submenu | 33 | |
| Enter hero's abilities submenu | 11 | |
| Give item / drop item | 5 | |
| Right click | 634 | |
| Select / deselect | 441 | |
| Use ability | 99 | |
1329 total
» units
| Peon | 30 | |
| Wind Rider | 21 | |
| Troll Batrider | 11 | |
62 total
» upgrades
| Ranged Weapons | 2 | |
| Envenomed Spears | 1 | |
| Liquid Fire | 1 | |
4 total
» buildings
| Orc Burrow | 9 | |
| Altar of Storms | 3 | |
| Voodoo Lounge | 3 | |
| Stronghold | 6 | |
| War Mill | 2 | |
| Watch Tower | 5 | |
| Beastiary | 4 | |
| Great Hall | 4 | |
| Fortress | 3 | |
39 total
» build order
00:08 Orc Burrow
00:27 Altar of Storms
00:41 Voodoo Lounge
02:09 Stronghold
02:09 Stronghold
02:14 War Mill
02:52 Orc Burrow
04:15 Watch Tower
04:31 Beastiary
04:34 Beastiary
04:54 Orc Burrow
06:24 Orc Burrow
07:21 Watch Tower
07:39 Watch Tower
08:39 Great Hall
08:44 Watch Tower
10:36 Orc Burrow
11:34 Great Hall
13:19 Fortress
15:06 Voodoo Lounge
17:02 Altar of Storms
19:09 Altar of Storms
19:32 Orc Burrow
20:17 Orc Burrow
21:00 Voodoo Lounge
22:16 War Mill
22:30 Great Hall
22:56 Stronghold
22:56 Stronghold
22:56 Stronghold
23:36 Orc Burrow
24:32 Watch Tower
25:24 Beastiary
25:27 Beastiary
25:34 Great Hall
25:47 Orc Burrow
28:37 Fortress
» items
| Healing Salve | 4 | |
| Lesser Clarity Potion | 3 | |
| Dust of Appearance | 2 | |
| Scroll of Town Portal | 3 | |
| Orb of Lightning | 2 | |
| Potion of Healing | 2 | |
| Potion of Mana | 2 | |
18 total

»
KuKuKu (
green | 102 APM | 3214 actions | 31:29)
10 Blood Mage
3 Flame Strike
3 Siphon Mana
1 Summon Phoenix
3 Banish
» actions
| Assign group hotkey | 69 | |
| Basic commands | 120 | |
| Build / train | 166 | |
| ESC pressed | 5 | |
| Enter build submenu | 89 | |
| Enter hero's abilities submenu | 10 | |
| Give item / drop item | 2 | |
| Right click | 1052 | |
| Select / deselect | 457 | |
| Select group hotkey | 1022 | |
| Use ability | 222 | |
3214 total
» units
| Peasant | 23 | |
| Footman | 7 | |
| Sorceress | 1 | |
| Dragonhawk Rider | 11 | |
| Gryphon Rider | 9 | |
51 total
» upgrades
| Masonry | 3 | |
| Swords | 3 | |
| Sorceress Training | 2 | |
| Lumber Harvesting | 2 | |
| Magic Sentry | 1 | |
| Armor | 3 | |
| Animal War Training | 1 | |
| Cloud | 1 | |
| Backpack | 1 | |
| Storm Hammers | 1 | |
18 total
» buildings
| Altar of Kings | 1 | |
| Barracks | 1 | |
| Farm | 17 | |
| Arcane Vault | 2 | |
| Scout Tower | 54 | |
| Lumber Mill | 1 | |
| Arcane Tower | 2 | |
| Guard Tower | 53 | |
| Town Hall | 5 | |
| Keep | 3 | |
| Blacksmith | 1 | |
| Arcane Sanctum | 1 | |
| Castle | 2 | |
| Gryphon Aviary | 5 | |
148 total
» build order
00:52 Altar of Kings
00:54 Barracks
00:57 Farm
01:07 Farm
01:54 Farm
01:59 Farm
02:23 Arcane Vault
02:53 Scout Tower
03:01 Lumber Mill
03:21 Arcane Tower
03:21 Arcane Tower
03:22 Scout Tower
04:03 Guard Tower
04:03 Guard Tower
04:50 Town Hall
04:53 Scout Tower
04:55 Scout Tower
05:21 Guard Tower
05:21 Guard Tower
05:23 Guard Tower
07:01 Keep
07:01 Keep
07:03 Blacksmith
07:14 Scout Tower
07:16 Scout Tower
07:19 Scout Tower
07:42 Guard Tower
07:43 Guard Tower
07:47 Guard Tower
07:48 Guard Tower
07:51 Scout Tower
08:06 Scout Tower
08:38 Guard Tower
08:38 Guard Tower
08:39 Guard Tower
08:39 Guard Tower
09:25 Arcane Sanctum
09:28 Castle
09:28 Castle
10:24 Guard Tower
10:29 Guard Tower
10:30 Guard Tower
11:39 Gryphon Aviary
11:45 Gryphon Aviary
13:44 Town Hall
13:47 Scout Tower
13:49 Scout Tower
13:50 Scout Tower
13:51 Scout Tower
14:00 Farm
14:37 Guard Tower
14:37 Guard Tower
14:39 Scout Tower
14:40 Scout Tower
14:43 Scout Tower
14:46 Scout Tower
15:21 Guard Tower
15:21 Guard Tower
15:33 Farm
15:35 Farm
15:36 Farm
15:37 Farm
16:47 Scout Tower
16:49 Scout Tower
18:02 Scout Tower
18:03 Scout Tower
18:04 Scout Tower
18:07 Scout Tower
18:09 Scout Tower
21:57 Scout Tower
21:57 Scout Tower
21:58 Scout Tower
21:58 Scout Tower
21:59 Scout Tower
22:29 Town Hall
22:31 Scout Tower
22:31 Scout Tower
22:33 Scout Tower
22:33 Scout Tower
22:35 Guard Tower
22:35 Guard Tower
22:37 Scout Tower
22:37 Scout Tower
22:38 Scout Tower
22:39 Scout Tower
22:39 Scout Tower
22:59 Guard Tower
22:59 Guard Tower
23:00 Guard Tower
23:06 Guard Tower
23:06 Guard Tower
23:07 Scout Tower
23:07 Scout Tower
23:08 Scout Tower
23:08 Scout Tower
23:09 Guard Tower
23:15 Guard Tower
23:15 Guard Tower
23:16 Guard Tower
23:34 Scout Tower
23:35 Scout Tower
23:36 Scout Tower
23:36 Scout Tower
23:37 Guard Tower
24:00 Scout Tower
24:00 Scout Tower
24:01 Scout Tower
24:02 Scout Tower
24:12 Guard Tower
24:30 Farm
24:31 Farm
24:31 Farm
24:32 Farm
24:35 Guard Tower
24:35 Guard Tower
24:36 Guard Tower
24:38 Scout Tower
24:39 Scout Tower
24:39 Scout Tower
24:41 Scout Tower
24:44 Guard Tower
25:15 Guard Tower
25:15 Guard Tower
25:59 Farm
26:02 Farm
27:16 Farm
27:19 Farm
29:18 Arcane Vault
29:39 Town Hall
29:44 Gryphon Aviary
29:46 Gryphon Aviary
29:49 Gryphon Aviary
30:31 Town Hall
» items
| Scroll of Town Portal | 6 | |
| Ivory Tower | 4 | |
| Boots of Speed | 1 | |
| Periapt of Vitality | 1 | |
| Potion of Invisibility | 2 | |
| Staff of Teleportation | 1 | |
| Lesser Clarity Potion | 1 | |
| Scroll of Regeneration | 3 | |
| Potion of Lesser Invulnerability | 1 | |
| Staff of Sanctuary | 1 | |
21 total

»
SLITMYWRISTS (
purple | 23 APM | 724 actions | 31:29)
5 Mountain King
3 Storm Bolt
2 Thunder Clap
» actions
| Build / train | 68 | |
| Enter build submenu | 31 | |
| Enter hero's abilities submenu | 5 | |
| Right click | 306 | |
| Select / deselect | 265 | |
| Use ability | 49 | |
724 total
» units
| Peasant | 14 | |
| Footman | 5 | |
| Rifleman | 5 | |
| Gryphon Rider | 14 | |
38 total
» upgrades
| Gunpowder | 1 | |
| Lumber Harvesting | 1 | |
| Swords | 3 | |
| Animal War Training | 1 | |
| Armor | 3 | |
| Storm Hammers | 1 | |
| Masonry | 1 | |
11 total
» buildings
| Barracks | 1 | |
| Altar of Kings | 1 | |
| Farm | 12 | |
| Lumber Mill | 1 | |
| Arcane Vault | 1 | |
| Blacksmith | 1 | |
| Keep | 1 | |
| Castle | 1 | |
| Gryphon Aviary | 3 | |
| Town Hall | 1 | |
| Scout Tower | 6 | |
| Guard Tower | 6 | |
35 total
» build order
00:28 Barracks
00:38 Altar of Kings
01:03 Farm
01:09 Farm
01:38 Lumber Mill
02:04 Farm
03:00 Arcane Vault
03:05 Blacksmith
03:11 Farm
04:23 Keep
04:40 Farm
05:20 Farm
06:00 Farm
06:52 Castle
07:23 Gryphon Aviary
07:27 Gryphon Aviary
07:33 Gryphon Aviary
08:04 Town Hall
09:04 Farm
09:53 Farm
10:00 Scout Tower
10:43 Farm
10:49 Guard Tower
10:55 Scout Tower
11:31 Guard Tower
11:50 Scout Tower
12:25 Guard Tower
12:30 Scout Tower
13:02 Scout Tower
13:04 Guard Tower
13:48 Guard Tower
13:52 Scout Tower
14:58 Guard Tower
17:47 Farm
18:41 Farm
» items
| Scroll of Regeneration | 4 | |
| Orb of Fire | 1 | |
5 total
BULLS (
yellow | 62 APM | 1944 actions | 31:29)
5 Mountain King
3 Storm Bolt
2 Bash
» actions
| Assign group hotkey | 155 | |
| Basic commands | 52 | |
| Build / train | 78 | |
| ESC pressed | 11 | |
| Enter build submenu | 27 | |
| Enter hero's abilities submenu | 5 | |
| Right click | 1009 | |
| Select / deselect | 337 | |
| Select group hotkey | 201 | |
| Use ability | 69 | |
1944 total
» units
| Peasant | 8 | |
| Footman | 14 | |
| Knight | 7 | |
| Sorceress | 3 | |
| Rifleman | 1 | |
| Siege Engine | 13 | |
46 total
» upgrades
| Defend | 1 | |
| Plating | 1 | |
| Swords | 2 | |
| Animal War Training | 1 | |
| Priest Training | 1 | |
| Long Rifles | 1 | |
| Barrage | 1 | |
| Sorceress Training | 1 | |
| Gunpowder | 1 | |
10 total
» buildings
| Altar of Kings | 1 | |
| Farm | 9 | |
| Barracks | 2 | |
| Scout Tower | 10 | |
| Arcane Tower | 1 | |
| Lumber Mill | 1 | |
| Guard Tower | 6 | |
| Arcane Vault | 1 | |
| Keep | 1 | |
| Blacksmith | 1 | |
| Arcane Sanctum | 2 | |
| Castle | 1 | |
| Workshop | 2 | |
| Town Hall | 1 | |
39 total
» build order
00:26 Altar of Kings
00:56 Farm
00:59 Farm
01:09 Barracks
01:25 Barracks
01:38 Scout Tower
01:40 Scout Tower
01:53 Scout Tower
01:59 Farm
02:17 Arcane Tower
02:35 Lumber Mill
03:09 Guard Tower
03:29 Farm
04:19 Arcane Vault
04:47 Keep
05:09 Blacksmith
06:07 Farm
06:08 Farm
06:11 Scout Tower
06:12 Scout Tower
06:13 Scout Tower
07:58 Arcane Sanctum
08:01 Castle
08:16 Arcane Sanctum
08:45 Guard Tower
08:46 Guard Tower
09:03 Guard Tower
10:58 Scout Tower
10:59 Scout Tower
11:08 Scout Tower
11:09 Scout Tower
12:21 Guard Tower
12:21 Guard Tower
12:49 Workshop
13:30 Workshop
15:13 Farm
17:26 Farm
17:26 Farm
23:11 Town Hall
» items
| Lesser Clarity Potion | 3 | |
| Scroll of Regeneration | 1 | |
| Scroll of Town Portal | 3 | |
7 total
Chat log
(00:11 / Allies) BULLS: SUP PURP
(00:14 / All) KuKuKu: Open up your mind and KU KU KU, baby, and time will stand still for you!
(00:21 / All) KuKuKu: Seize the end of time and KU KU KU, baby, and see it will be mine!
(00:34 / All) machx: all your base
(00:36 / All) machx: are belong to us
(00:39 / All) machx: make you rtime
(00:42 / All) machx: your time
(00:44 / All) KuKuKu: And KU KU KU, baby, I will bleed into the blind! So KU KU KU baby, and time will stand still for you! Open up your mind and
(00:47 / All) KuKuKu: KU KU KU, baby!
(00:53 / All) BULLS: GOD DO WE HAVE SOME REAL WINNERS ON THIS TEA
(00:59 / All) SLITMYWRISTS: GREEN IF U DONT STFU THEN ILL KILL U AFTER I CUT MYSELF
(01:14 / All) machx: FREAK SHOW
(01:34 / All) KuKuKu: This is a free server bro, I can say what I wish
(01:44 / All) machx: FREE WORLD NIG
(02:22 / All) SLITMYWRISTS: gg green said hes emo and he cuts himself then he started killing his main
(02:32 / All) KuKuKu: I hate my team
(02:32 / All) machx: :(
(02:34 / All) KuKuKu: fucking scrubs
(02:35 / All) KuKuKu: killed my base
(02:38 / Allies) SLITMYWRISTS: i am killing u soon
(02:42 / Allies) KuKuKu: you couldn't if you wanted
(02:50 / Allies) SLITMYWRISTS: well see
(03:36 / Allies) SLITMYWRISTS: pink what are u doing
(03:39 / Allies) SLITMYWRISTS: ur gonna get urself killed
(03:59 / All) SLITMYWRISTS: pink
(04:00 / Allies) SLITMYWRISTS: follw me
(04:06 / Allies) SLITMYWRISTS: PINK
(05:14 / Allies) KuKuKu: Teching to tanks or mortars to try to kill me, bud?
(05:23 / Allies) SLITMYWRISTS: tanks
(05:26 / Allies) SLITMYWRISTS: unless
(05:30 / Allies) SLITMYWRISTS: u want me to go gryphons
(05:31 / Allies) SLITMYWRISTS: ?
(05:34 / Allies) KuKuKu: sure
(05:41 / Allies) KuKuKu: easier for me to deal with
(05:42 / Allies) SLITMYWRISTS: then whos got melee
(06:13 / Allies) SLITMYWRISTS: greeen
(06:17 / Allies) SLITMYWRISTS: can u get melee covered then
(06:22 / Allies) SLITMYWRISTS: and ill go gryphons
(06:25 / Allies) KuKuKu: lol, after you said you'll tk me?
(06:37 / Allies) SLITMYWRISTS: dude lets just win this shit
(06:51 / Allies) KuKuKu: I don't trust you so I won't go melee
(06:57 / Allies) KuKuKu: but I will not harm you unless provoked
(08:37 / Allies) SLITMYWRISTS: lets kill him now
(08:44 / Allies) KuKuKu: Who?
(08:49 / Allies) SLITMYWRISTS: teal
(08:53 / Allies) SLITMYWRISTS: he was after yellow
(11:17 / Allies) SLITMYWRISTS: we need
(11:18 / Allies) SLITMYWRISTS: aa
(11:27 / Allies) KuKuKu: I was gonna go dhawk
(13:31 / Allies) KuKuKu: wood me if you can to fund the war effort brothers?
(13:37 / Allies) SLITMYWRISTS: tp
(13:37 / Allies) SLITMYWRISTS: now
(13:45 / Allies) KuKuKu: ty
(13:47 / Allies) BULLS: WHAT
(13:49 / Allies) BULLS: THEY LEFT
(13:58 / Allies) BULLS: TP?
(14:02 / Allies) SLITMYWRISTS: yes
(14:50 / All) The.Big.Naga: wtf is that
(14:52 / All) The.Big.Naga: jeesus
(14:54 / All) KuKuKu: Is what?
(15:07 / All) The.Big.Naga: noob allies everywhere
(15:15 / All) KuKuKu: lol
(15:35 / Allies) SLITMYWRISTS: lets counter
(15:37 / Allies) SLITMYWRISTS: before they regroup
(15:38 / Allies) SLITMYWRISTS: now
(15:38 / Allies) BULLS: BUYING TP
(15:39 / Allies) BULLS: YES
(16:47 / Allies) SLITMYWRISTS: main
(16:48 / Allies) SLITMYWRISTS: main
(17:00 / Allies) BULLS: TP WHEN WE GET IT?
(17:26 / Allies) SLITMYWRISTS: green
(17:27 / Allies) SLITMYWRISTS: bk man
(18:10 / Allies) SLITMYWRISTS: tp
(19:42 / Allies) KuKuKu: b
(20:34 / All) moanin_mongoose: gg
(20:49 / All) KuKuKu: not over yet
(22:24 / Allies) BULLS: HES NOT A THREAD
(22:25 / Allies) KuKuKu: only red has a hall I think
(22:25 / All) moanin_mongoose: its over
(22:26 / Allies) BULLS: THREAT
(22:47 / All) SLITMYWRISTS: red ur trash.. ur bf saved u from me remember that.. .ur bf oj
(22:49 / All) KuKuKu: You can believe that if it makes you feel better
(23:06 / All) moanin_mongoose: haha go slit ur writs my team won
(23:13 / All) KuKuKu: sure it did lol
(24:28 / All) SLITMYWRISTS: level six and u cant even hit my hero... all your units use magic
(24:56 / All) KuKuKu: You lost
(24:57 / All) KuKuKu: leave
(24:58 / All) KuKuKu: out please
(25:05 / All) The.Big.Naga: my allies sooooooo noob
(25:12 / All) KuKuKu: you are one of your team's allies????
(25:28 / Allies) BULLS: WHERE U WANT MY TANKS
(25:31 / Allies) BULLS: UR BEING PURSUID
(25:36 / Allies) SLITMYWRISTS: green
(25:37 / Allies) SLITMYWRISTS: tp out
(25:54 / All) moanin_mongoose: now u leave bitch
(26:01 / All) SLITMYWRISTS: u lost dude we have mass tanks also
(26:10 / Allies) KuKuKu: careful yellow
(26:11 / Allies) SLITMYWRISTS: green yellow hit together and end this
(26:38 / All) KuKuKu: out
(26:41 / All) KuKuKu: out
(26:49 / Allies) SLITMYWRISTS: get tanks
(27:30 / Allies) KuKuKu: I can rebuild and have an expo we got this
(27:43 / Allies) BULLS: RETREAT TO UR EXPO?
(27:45 / Allies) BULLS: REVEAL IT?
(27:51 / Allies) SLITMYWRISTS: they have nothing
(27:51 / All) KuKuKu: I have an expo pal
(27:52 / Allies) SLITMYWRISTS: we are fine
(28:00 / All) KuKuKu: out
(28:04 / All) KuKuKu: you lost
(28:06 / All) The.Big.Naga: kukuku
(28:06 / All) KuKuKu: you can go
(28:11 / All) The.Big.Naga: so funny
(28:40 / Allies) BULLS: I HAVE 2 UNITS USE THEM WISELY LOL
(28:59 / Allies) SLITMYWRISTS: nice work yelllow
(29:01 / Allies) SLITMYWRISTS: lol
(29:05 / All) KuKuKu: I got the dk lawl
(29:06 / Allies) SLITMYWRISTS: get hero out
(29:13 / All) KuKuKu: I have 3,000 gold
(29:49 / Allies) BULLS: I CANT GET OUT LOL
(29:57 / Allies) BULLS: TY
(29:57 / Allies) KuKuKu: There you go sir
(30:20 / All) moanin_mongoose: fine u win
(30:22 / All) KuKuKu: Ok?
(30:25 / All) losetofindgames: douche
(30:26 / All) KuKuKu: Well that got rid of one of you at least
(30:52 / Allies) SLITMYWRISTS: we would have lost if we didntk ill their bases
(30:54 / Allies) SLITMYWRISTS: when they hit us
(30:57 / Allies) SLITMYWRISTS: luckily we did
(30:57 / Allies) KuKuKu: yeah
(31:01 / Allies) KuKuKu: nay, smart of us
(31:04 / Allies) KuKuKu: no luck